 Dungeon Crawl Stone Soup version 0.27-a0-46-g34d46f0a3f (webtiles) character file.

Game seed: 15579909334202300529

3189 Borgoz the Grappler (level 9, -2/79 HPs)
             Began as a Ghoul Monk on Jan 6, 2021.
             Was an Elder of Okawaru.
             Killed from afar by an electric eel (12 damage)
             ... with a bolt of electricity
             ... on level 8 of the Dungeon.
             The game lasted 00:11:22 (8709 turns).

Borgoz the Grappler (Ghoul Monk)                    Turns: 8709, Time: 00:11:23

Health: -2/79      AC: 12    Str: 21    XL:     9   Next: 95%
Magic:  11/11      EV: 10    Int:  5    God:    Okawaru [****..]
Gold:   365        SH:  3    Dex: 14    Spells: 8/8 levels left

rFire    . . .     SeeInvis .     - Unarmed
rCold    + . .     Faith    .   s - +0 buckler
rNeg     + + +     Spirit   .   o - +3 chain mail
rPois    ∞         Reflect  .   i - +0 helmet
rElec    .         Harm     .   (no cloak)
rCorr    +         Rampage  .   (no gloves)
Will     .....                  (no boots)
Stlth    ..........             (no amulet)
HPRegen  0.00/turn              r - ring of resist corrosion
MPRegen  0.12/turn              u - +6 ring of strength

@: no status effects
A: claws 1, cold resistance 1, negative energy resistance 3, inhibited
regeneration, torment resistance, unbreathing
a: Renounce Religion, Heroism


You were on level 8 of the Dungeon.
You worshipped Okawaru.
Okawaru was greatly pleased with you.
You visited 1 branch of the dungeon, and saw 8 of its levels.

You collected 365 gold pieces.

Inventory:

Armour
 g - a +2 leather armour of fire resistance
 i - a +0 helmet (worn)
 o - a +3 chain mail (worn)
 s - a +0 buckler (worn)
Jewellery
 r - a ring of resist corrosion (left claw)
 u - a +6 ring of strength (right claw)
Wands
 c - a wand of paralysis (12)
 j - a wand of flame (36)
 n - a wand of disintegration (17)
 p - a wand of iceblast (14)
Scrolls
 a - 3 scrolls of teleportation
 b - 3 scrolls of remove curse
 d - a scroll of enchant armour
 l - 2 scrolls of fog
 m - 3 scrolls of magic mapping
 t - a scroll of identify
Potions
 e - a potion of might
 f - a potion of flight {unknown}
 h - a potion of curing
 k - 2 potions of cancellation


   Skills:
 + Level 7.1 Fighting
 * Level 7.9 Dodging
 - Level 2.1 Stealth
 * Level 9.5 Unarmed Combat
 + Level 4.6 Invocations


You had 8 spell levels left.
You didn't know any spells.
Your spell library contained the following spells:

 Spells                   Type           Power        Failure   Level
 Animate Skeleton         Necr           0%           100%        1
 Pain                     Necr           0%           100%        1
 Vampiric Draining        Necr           0%           100%        3
 Animate Dead             Necr           0%           100%        4
 Agony                    Necr           0%           100%        5


Dungeon Overview and Level Annotations

Branches:
Dungeon (8/15)             Temple (0/1) D:7
   Lair: D:8-11

Altars:
Cheibriados
Makhleb
Okawaru
Ru
Trog
Uskayaw
Vehumet
Wu Jian
Xom
Yredelemnul
Zin

Shops:
D:6 ?:[[[   D:8 }

Annotations:
D:7 3 runed translucent doors, arkorax's ghost, novice DsWr


Innate Abilities, Weirdness & Mutations

You thrive by killing the living.
You are immune to poison.
You have sharp fingernails.
Your flesh is cold resistant. (rC+)
You are immune to negative energy. (rN+++)
You do not regenerate when monsters are visible.
You are immune to unholy pain and torment.
You can survive without breathing.


Message History

The bolt of electricity hits you!
The electric eel shoots out a bolt of lightning at you!
The bolt of electricity hits you!
* * * LOW HITPOINT WARNING * * *
The electric eel shoots out a bolt of lightning at you!
The bolt of electricity hits the plant!
The bolt of electricity hits you but does no damage.
The electric eel shoots out a bolt of lightning at you!
The bolt of electricity hits the plant!
The bolt of electricity hits you!
* * * LOW HITPOINT WARNING * * *
The electric eel shoots out a bolt of lightning at you!
The bolt of electricity misses you.
The electric eel shoots out a bolt of lightning at you!
The bolt of electricity hits you.
* * * LOW HITPOINT WARNING * * *
There is an open door here.
You feel better.
A nearby plant withers and dies.
The electric eel shoots out a bolt of lightning at you!
The bolt of electricity hits you!
You die...

######.(.)≈##≈≈≈###
##.######≈;;;≈#
#≈##≈;;##?$..≈#
#≈#≈≈.≈≈#?≈.P[#
####≈#≈[.≈.#P..≈P#
..##≈#(.P≈[#.....#
.(##)#.P.≈P#.....#
..##.#.....##..'###
####.# #####@.#
#.## +##≈≈≈..##
##.####.≈≈#####
##≈≈...### #######


You could see 3 electric eels.

Vanquished Creatures
  A two-headed ogre (D:8)
  A black bear (D:8)
  5 orc warriors
  2 phantoms (D:8)
  A centaur (D:5)
  3 ogres
  The ghost of Life0 the Insei, an amateur OpTm (D:3)
  2 bullfrogs (D:6)
  2 scorpions
  3 wights (D:3)
  2 bullfrog zombies
  A centaur zombie (D:7)
  5 hounds
  A bullfrog skeleton (D:5)
  2 orc priests (D:7)
  A centaur skeleton (D:7)
  6 orc wizards
  A gnoll shaman (D:6)
  2 iguanas
  6 worker ants
  Robin (D:2)
  5 gnolls
  A howler monkey skeleton (D:4)
  7 adders
  A white imp (D:5)
  An ufetubus (D:6)
  An ooze (D:3)
  3 adder skeletons
  An adder zombie (D:6)
  8 worms
  3 dart slugs
  8 leopard geckos
  21 orcs
  7 giant cockroaches
  15 goblins
  6 hobgoblins (D:2)
  6 jackals
  3 kobolds
  2 quokkas
  2 ball pythons
  7 bats
  7 frilled lizards
  A jackal skeleton (D:4)
  A jackal zombie (D:5)
  12 rats
  A spectral orc (D:5)
179 creatures vanquished.

Vanquished Creatures (others)
  A plant (D:8)
1 creature vanquished.

Grand Total: 180 creatures vanquished

Notes
Turn   | Place    | Note
-------+----------+-------------------------------------------
     0 | D:1      | Borgoz the Ghoul Monk began the quest for the Orb.
     0 | D:1      | Reached XP level 1. HP: 19/19 MP: 0/0
   101 | D:1      | Reached XP level 2. HP: 21/26 MP: 1/1
   536 | D:2      | Reached skill level 4 in Unarmed Combat
   536 | D:2      | Reached XP level 3. HP: 31/31 MP: 2/2
   549 | D:2      | Found a sacrificial altar of Ru.
   622 | D:2      | Noticed Robin
   892 | D:2      | Reached XP level 4. HP: 40/40 MP: 3/3
  1294 | D:2      | Killed Robin
  1506 | D:2      | Found a burning altar of Makhleb.
  1516 | D:2      | Reached XP level 5. HP: 42/46 MP: 4/4
  1701 | D:3      | Found a radiant altar of Vehumet.
  1760 | D:3      | Reached skill level 5 in Unarmed Combat
  1765 | D:3      | Reached XP level 6. HP: 29/53 MP: 5/5
  2339 | D:3      | Found a runed translucent door.
  2343 | D:3      | Noticed Life0's ghost (amateur OpTm)
  2431 | D:3      | Found a shimmering altar of Xom.
  2731 | D:3      | Killed Life0's ghost
  2732 | D:3      | Reached XP level 7. HP: 41/60 MP: 6/6
  2852 | D:4      | Reached skill level 6 in Unarmed Combat
  3009 | D:4      | Reached skill level 5 in Dodging
  3238 | D:4      | Noticed a moth of wrath
  3242 | D:4      | Found a bloodstained altar of Trog.
  3661 | D:4      | Reached skill level 5 in Fighting
  4001 | D:4      | Found an iron altar of Okawaru.
  4139 | D:4      | Became a worshipper of Warmaster Okawaru
  4139 | D:4      | Reached * piety under Okawaru
  4139 | D:4      | Reached ** piety under Okawaru
  4258 | D:5      | Entered Level 5 of the Dungeon
  4321 | D:5      | Found a radiant altar of Vehumet.
  4663 | D:5      | Reached skill level 1 in Invocations
  4808 | D:5      | Reached XP level 8. HP: 54/69 MP: 7/7
  4814 | D:5      | Reached skill level 7 in Unarmed Combat
  4988 | D:5      | Found a basalt altar of Yredelemnul.
  5161 | D:5      | Found an ornate altar of the Wu Jian Council.
  5235 | D:6      | You fall into a shaft and drop 2 floors!
  5365 | D:8      | Found a glowing silver altar of Zin.
  5601 | D:6      | Found a hide-covered altar of Uskayaw.
  5646 | D:6      | Found Viculek's Book Shoppe.
  5748 | D:6      | Got an ominously black robe
  5891 | D:6      | Found Baligar's Armour Shop.
  5952 | D:6      | Found Maragrarr's Armour Boutique.
  5984 | D:6      | Identified the cursed +0 robe of the Ageless Tables {+Inv
                  | rF- Dex+4} (You found it on level 6 of the Dungeon)
  6032 | D:6      | Found Geux's Antique Armour Shoppe.
  6150 | D:6      | Found Xehu Pirph's Magic Scroll Boutique.
  6191 | D:6      | Reached *** piety under Okawaru
  6197 | D:6      | Reached skill level 8 in Unarmed Combat
  6457 | D:7      | Reached XP level 9. HP: 75/75 MP: 10/10
  6457 | D:7      | Noticed arkorax's ghost (novice DsWr)
  6472 | D:7      | Found a staircase to the Ecumenical Temple.
  7303 | D:7      | Found a runed translucent gate.
  7303 | D:7      | Found a runed translucent gate.
  7303 | D:7      | Found a runed translucent gate.
  7854 | D:8      | Noticed a two-headed ogre
  7869 | D:8      | Killed a two-headed ogre
  7869 | D:8      | Reached **** piety under Okawaru
  7870 | D:8      | Reached skill level 9 in Unarmed Combat
  8189 | D:8      | Found a snail-covered altar of Cheibriados.
  8249 | D:8      | Found Gasem's Gadget Boutique.
  8488 | D:8      | Received a gift from Okawaru
  8707 | D:8      | HP: 2/79 [electric eel/bolt of electricity (5)]
  8709 | D:8      | Killed from afar by an electric eel

Illustrated notes

Levels and vault maps discovered:
D:1:      amcnicky_arrival_gap_in_the_tavern_cellar, layout_rooms,
          minmay_misc_feat_alley
D:2:      wad_river_or_something, layout_rooms, hangedman_ru_absence,
          makhleb_blood_cavern_becter, uniq_robin
D:3:      layout_loops_ring, fiery_altar_vehumet,
          nicolae_overflow_hidden_temple, ebering_ghost_reflecting_pool
D:4:      layout_basic, marbit_many_paths, tgw_trog
D:5:      layout_rooms, yredelemnul_forgotten_temple_becter,
          nzn_wu_jian_contemplation, roderic_serpentine_path,
          vehumet_altar_wand_db
D:6:      layout_loops_cross, eat_drink_and_be_merry_uskayaw, serial_shops,
          nicolae_shop_waterfront, shop, shop_fountains, shop, shop
D:7:      layout_basic, minmay_temple_entry_stoned_glass, gammafunk_ghost_icy
D:8:      cheibrodos_two_vegetables, layout_basic,
          nicolae_overflow_crystal_walls, serial_shops, shop, moated_statue,
          cheibrodos_worm_habitat

Skill      XL: |  1  2  3  4  5  6  7  8  9 |
---------------+----------------------------+-----
Dodging        | 3 4 5 6 7 |  7.9
Unarmed Combat | 4 5 6 8 9 |  9.5
Fighting       | 4 5 6 7 |  7.1
Invocations    | 1 3 4 |  4.6
Stealth        | |  2.1

Action                   |  1- 3 |  4- 6 |  7- 9 || total
-------------------------+-------+-------+-------++-------
Melee: Unarmed           |    93 |   203 |   446 ||   742
       Punch             |     1 |     3 |     8 ||    12
Invok: Heroism           |       |       |     4 ||     4
  Use: Potion            |     1 |     1 |     5 ||     7
       Scroll            |       |       |    19 ||    19
 Stab: Sleeping          |     4 |     1 |     1 ||     6
       Invisible         |       |       |     1 ||     1
Armor: Robe              |     9 |       |       ||     9
       Ring mail         |    22 |    59 |    44 ||   125
       Chain mail        |       |       |   112 ||   112
Dodge: Dodged            |    73 |    98 |   190 ||   361
Block: Buckler           |       |       |    38 ||    38

Table legend: (Time is in decaauts)
 A = Elapsed time spent in this place.
 B = Non-inter-level travel time spent in this place.
 C = Inter-level travel time spent in this place.
 D = Time resting spent in this place.
 E = Time spent auto-exploring this place.
 F = Levels seen in this place.
 G = Mean time per level.
                   A        B        C        D        E       F      G
               +--------+--------+--------+--------+--------+-----+--------+
         Total |   8666 |   8419 |    247 |   1726 |   5081 |   8 | 1083.2 |
       Dungeon |   8666 |   8419 |    247 |   1726 |   5081 |   8 | 1083.2 |
               +--------+--------+--------+--------+--------+-----+--------+

Top non-repeatable levels by time:
     D:4: 1390 daAuts
     D:8: 1184 daAuts
     D:3: 1176 daAuts
     D:7: 1160 daAuts
     D:6: 1131 daAuts
     D:2: 986 daAuts
     D:5: 939 daAuts
     D:1: 696 daAuts
